 Dungeon Crawl Stone Soup version 0.25.0-1-g7eea58d2a3 (webtiles) character file.

Game seed: 7662733992357871131

23 nihilominus the Sneak (level 2, -2/17 HPs)
             Began as an Octopode Wizard on June 15, 2020.
             Was an Initiate of Vehumet.
             Slain by an adder (4 damage)
             ... on level 2 of the Dungeon.
             The game lasted 00:03:34 (1522 turns).

nihilominus the Sneak (Octopode Wizard)             Turns: 1522, Time: 00:03:35

Health: -2/17      AC:  1    Str:  6    XL:     2   Next: 95%
Magic:  1/6        EV: 13    Int: 20    God:    Vehumet [......]
Gold:   51         SH:  0    Dex: 10    Spells: 6/7 levels left

rFire    . . .     SeeInvis .   (no weapon)
rCold    . . .     Gourm    .   (no shield)
rNeg     . . .     Faith    +   a - +0 hat
rPois    .         Spirit   .   l - amulet of faith
rElec    .         Reflect  .   (no ring)
rCorr    .         Harm     .   (no ring)
MR       .....                  (no ring)
Stlth    +++.......             (no ring)
HPRegen  0.05/turn              (no ring)
MPRegen  0.10/turn              (no ring)
                                (no ring)
                                (no ring)

@: lethally poisoned (-2 -> -7), very slightly contaminated
A: almost no armour, stealthy swim, amphibious, 8 rings, constrict 8, camouflage
1, gelatinous body 1
a: Renounce Religion


You were on level 2 of the Dungeon.
You worshipped Vehumet.
Vehumet was noncommittal.
You were full.

You visited 1 branch of the dungeon, and saw 2 of its levels.

You collected 51 gold pieces.

Inventory:

Armour
 a - a +0 hat (worn)
Jewellery
 l - an amulet of faith (around mantle)
Scrolls
 b - a scroll of immolation
 e - 4 scrolls of identify
 f - a scroll of teleportation {unknown}
 g - a scroll of magic mapping {unknown}
 h - a scroll of remove curse {unknown}
 j - a scroll of noise {unknown}
Potions
 d - a potion of invisibility {unknown}
 i - a potion of heal wounds {unknown}
Comestibles
 c - 3 rations
 k - 3 chunks of flesh


   Skills:
 + Level 2.3 Dodging
 + Level 3.2 Stealth
 + Level 3.1 Spellcasting
 * Level 1.8 Conjurations
   Level 1.0 Summonings
   Level 1.0 Translocations


You had 6 spell levels left.
You knew the following spells:

 Your Spells              Type           Power        Failure   Level  Hunger
a - Magic Dart            Conj           ##..         6%          1    None

Your spell library contained the following spells:

 Spells                   Type           Power        Failure   Level  Hunger
 Blink                    Tloc           N/A          14%         2    ##.....
 Call Imp                 Summ           #.......     14%         2    ##.....
 Slow                     Hex            #.......     22%         2    ##.....
 Conjure Flame            Conj/Fire      #.......     28%         3    ###....
 Mephitic Cloud           Conj/Pois/Air  #.......     32%         3    ###....


Dungeon Overview and Level Annotations

Branches:
Dungeon (2/15)

Altars:
Vehumet


Innate Abilities, Weirdness & Mutations

You cannot wear most types of armour.
You are very stealthy in the water. (Stealth+)
You are amphibious.
You can wear up to eight rings at the same time.
You can use your tentacles to constrict eight enemies at once.
Your skin changes colour to match your surroundings (Stealth+).
Your rubbery body absorbs attacks. (AC +1, EV +1)


Message History

* * * LOW HITPOINT WARNING * * *
You feel sick. The adder bites you but does no damage.
You tentacle-slap the adder but do no damage.
Your grab misses the adder.
The adder is severely wounded.
* * * LOW HITPOINT WARNING * * *
You feel sick. The adder bites you.
* * * LOW HITPOINT WARNING * * *
The adder barely misses you.
You closely miss the adder. You grab the adder.
The adder is severely wounded.
You constrict the adder, but do no damage.
The adder barely misses you.
You tentacle-slap the adder but do no damage.
Your squeeze misses the adder.
The adder is severely wounded.
You constrict the adder.
* * * LOW HITPOINT WARNING * * *
You feel sick. The adder bites you.
You die...

K..#.# ..#.# ##
...# .# #..# .#
#.#####..###.#
.#
#......K>....#
.#
#######s######
.# #S# .#
##########@# .#
#...##.....# .#
####...##.#####
.# #.......#.#
.# #.#.#####.#
.# #.........#
.#####.#######
.#.....#
.#.#####


You could see an adder, a giant cockroach and a kobold.

Vanquished Creatures
  A dart slug (D:2)
  A leopard gecko (D:2)
  2 bats (D:1)
  2 hobgoblins
  2 jackals (D:1)
  A frilled lizard (D:1)
  3 goblins
  3 kobolds
  5 rats
20 creatures vanquished.

Notes
Turn   | Place    | Note
-------+----------+-------------------------------------------
     0 | D:1      | nihilominus the Octopode Wizard began the quest for the
                  | Orb.
     0 | D:1      | Reached XP level 1. HP: 11/11 MP: 4/4
   572 | D:1      | Reached XP level 2. HP: 17/17 MP: 1/6
  1224 | D:2      | Found a radiant altar of Vehumet.
  1425 | D:2      | Became a worshipper of Vehumet
  1522 | D:2      | Slain by an adder

Illustrated notes

Levels and vault maps discovered:
D:1:      dpeg_arrival_court, layout_basic, minmay_splitting_lines
D:2:      layout_basic, lemuel_round_altar, grunt_qazlal_sundering,
          vehumet_crystals, minivault_11, corexii_hall_statues_l,
          makhleb_heckhound_becter

Skill      XL: |  1  2 |
---------------+-------+-----
Stealth        | 3 |  3.2
Dodging        | |  2.3
Spellcasting   | |  3.1
Conjurations   | |  1.8
Summonings     | |  1.0
Translocations | |  1.0

Action                   || total
-------------------------++-------
Melee: Unarmed           ||    23
       Constrict         ||     3
       Tentacles         ||     3
 Cast: Magic Dart        ||    51
  Use: Scroll            ||     2
  Eat: Ration            ||     2
Armor: Skin              ||     7
Dodge: Dodged            ||    28
